 Dungeon Crawl Stone Soup version 0.31-a0-344-gd109795599 (webtiles) character file.

Game seed: 16352361269624887292

34 GordonOverkill the Sneak (level 3, -13/29 HPs)
             Began as a Mummy Delver on July 22, 2023.
             Killed from afar by an orc wizard (15 damage)
             ... with a puff of flame
             ... on level 5 of the Dungeon.
             The game lasted 00:02:14 (410 turns).

GordonOverkill the Sneak (Mummy Delver)              Turns: 410, Time: 00:02:15

Health: -13/29     AC:  3    Str: 15    XL:     3   Next: 14%
Magic:  3/3        EV: 11    Int: 17    God:
Gold:   14         SH:  0    Dex: 13    Spells: 2/2 levels left

rFire   x . .        a - +0 mace
rCold   + . .        (no shield)
rNeg    + + +        b - +0 leather armour
rPois   ∞            (no helmet)
rElec   .            (no cloak)
rCorr   .            (no gloves)
SInv    .            (no boots)
Will    .....        (no amulet)
Stlth   ++           j - +6 ring of intelligence
HPRegen 0.24/turn    (no ring)
MPRegen 0.08/turn

%: faith
@: no status effects
A: cold resistance 1, negative energy resistance 3, torment resistance 2, heat
vulnerability 1, in touch with death 1, no potions, faith
a: no special abilities


You were on level 5 of the Dungeon.
You visited 1 branch of the dungeon, and saw 2 of its levels.

You collected 14 gold pieces.

Inventory:

Hand Weapons
 a - a +0 mace (weapon)
Armour
 b - a +0 leather armour (worn)
 h - a +0 chain mail
Jewellery
 j - a +6 ring of intelligence (left hand)
Wands
 f - a wand of digging (1)
 g - a wand of iceblast (7)
Scrolls
 c - a scroll of fog
 d - a scroll of revelation
 e - a scroll of fear
 i - a scroll of vulnerability {unknown}


   Skills:
 - Level 3.0 Fighting
 - Level 1.5 Maces & Flails
 - Level 1.5 Dodging
 - Level 4.1 Stealth
 + Level 2.3 Evocations


You had 2 spell levels left.
You didn't know any spells.
Your spell library was empty.

Dungeon Overview and Level Annotations

Branches:
Dungeon (6/15)
 Temple: D:4-7

Altars:

Annotations:
D:6 1 transporter


Innate Abilities, Weirdness & Mutations

You are immune to poison.
Your flesh is cold resistant. (rC+)
You are immune to negative energy. (rN+++)
You are immune to unholy pain and torment.
You are vulnerable to heat. (rF-)
You are in touch with the powers of death.
You do not drink.
You have a special connection with the divine. (Faith)


Message History

You hit the orc wizard.
The orc wizard is lightly wounded.
The orc wizard hits you with a +0 dagger.
* * * LOW HITPOINT WARNING * * *
You hit the orc wizard but do no damage.
The orc wizard is lightly wounded.
The orc wizard hits you with a +0 dagger.
* * * LOW HITPOINT WARNING * * *
The orc wizard barely misses you.
You hit the orc wizard.
The orc wizard is moderately wounded.
The orc wizard hits you with a +0 dagger.
* * * LOW HITPOINT WARNING * * *
You closely miss the orc wizard.
The orc wizard is moderately wounded.
The orc wizard barely misses you.
You hit the orc wizard.
The orc wizard is severely wounded.
The orc wizard hits you with a +0 dagger.
* * * LOW HITPOINT WARNING * * *
The orc wizard barely misses you.
You closely miss the orc wizard.
The orc wizard is severely wounded.
The orc wizard casts a spell at you. The puff of flame hits you!
The fire burns you terribly!
* * * LOW HITPOINT WARNING * * *
You hit the orc wizard but do no damage.
The orc wizard is severely wounded.
The orc wizard hits you but does no damage.
You closely miss the orc wizard.
The orc wizard is severely wounded.
The orc wizard hits you with a +0 dagger.
* * * LOW HITPOINT WARNING * * *
The orc wizard hits you but does no damage.
You hit the orc wizard. Your punch misses the orc wizard.
The orc wizard is almost dead.
The orc wizard gestures at you while chanting.
The puff of flame hits you! The fire burns you terribly!
Ouch! That really hurt!
You die...

## ##..##
##.#.....
# ##..##
##.###...#
##..##
##o##
##.##
##..##
##.## ###
##..##
##.##
##..#
##.##
##.##
##.##
##.###.##
#.@#.##
##.o##
####


You could see an orc wizard.

Vanquished Creatures
  A sleepcap (D:6)
  An adder (D:6)
2 creatures vanquished.

Notes
Turn   | Place    | Note
-------+----------+-------------------------------------------
     0 | D:5      | GordonOverkill the Mummy Delver began the quest for the
                  | Orb.
     0 | D:5      | Reached XP level 1. HP: 18/18 MP: 1/1
    57 | D:6      | Found a transporter.
    57 | D:6      | Noticed a sleepcap
    75 | D:6      | Reached skill level 1 in Evocations
    75 | D:6      | Reached XP level 2. HP: 14/24 MP: 2/2
   126 | D:6      | Gained mutation: You are in touch with the powers of death.
                  | [Mummy growth]
   126 | D:6      | Reached XP level 3. HP: 3/29 MP: 3/3
   262 | D:6      | Noticed an ice beast
   410 | D:5      | Killed from afar by an orc wizard

Illustrated notes

Levels and vault maps discovered:
D:5:      minmay_inner_zag, layout_cave_pods, feat_on_display,
          uniq_crazy_yiuf_cottage
D:6:      gammafunk_steamed_eel, layout_cave_pods, lemuel_temple_firewalk_b

Skill      XL: |  1  2 |
---------------+-------+-----
Evocations     | 1 2 |  2.3
Fighting       | |  3.0
Maces & Flails | |  1.5
Dodging        | |  1.5
Stealth        | |  4.1

Action                     || total
---------------------------++-------
  Melee: Mace              ||    29
         Punch             ||     2
  Evoke: Wand              ||     2
 Armour: Leather armour    ||     8
  Dodge: Dodged            ||    15

Table legend: (Time is in decaauts)
 A = Elapsed time spent in this place.
 B = Non-inter-level travel time spent in this place.
 C = Inter-level travel time spent in this place.
 D = Time resting spent in this place.
 E = Time spent auto-exploring this place.
 F = Levels seen in this place.
 G = Mean time per level.
                   A        B        C        D        E       F      G
               +--------+--------+--------+--------+--------+-----+--------+
         Total |    419 |    419 |      0 |    148 |      0 |   2 |  209.5 |
       Dungeon |    419 |    419 |      0 |    148 |      0 |   2 |  209.5 |
               +--------+--------+--------+--------+--------+-----+--------+

Top non-repeatable levels by time:
     D:6: 232 daAuts
     D:5: 187 daAuts
